 Dungeon Crawl Stone Soup version 0.17-a0-1887-g3e50df6 (webtiles) character file.

73481 ololoev the Severer (level 15, -2/139 HPs)
             Began as a Hill Orc Berserker on Sept 23, 2015.
             Was an Elder of Trog.
             Killed from afar by a thorn hunter (28 damage)
             ... with a volley of thorns
             ... on level 4 of the Swamp.
             The game lasted 01:09:57 (8902 turns).

ololoev the Severer (Hill Orc Berserker)            Turns: 8902, Time: 01:09:58

Health: -2/139     AC: 30    Str: 33      XL:     15   Next: 43%
Magic:  41/41      EV: 11    Int:  6 (7)  God:    Trog [****..]
Gold:   1453       SH:  0    Dex:  4 (5)  Spells: 0 memorised, 14 levels left

rFire  + . .     SeeInvis +     a - +2 battleaxe (freeze)
rCold  + . .     Clarity  .     l - +4 chain mail of the Black Moon {MP+9 SInv}
rNeg   . . .     SustAt   .     (no shield)
rPois  +         Gourm    .     (helmet restricted)
rElec  +         Spirit   .     m - +2 cloak
rCorr  .         Warding  .     R - +0 pair of gloves
rMut   .         Stasis   .     Q - +2 pair of boots
MR     +++..                    j - amulet of regeneration
Stlth  ..........               J - ring of Xorphirch {rPois MP+9 Str+2 Dex-5 Stlth+}
                                t - +4 ring of evasion

@: confused, mighty, about to teleport, grasped by roots, regenerating, very
slow, extremely resistant to hostile enchantments, extremely unstealthy
A: antennae 1, repulsion field 1, molten scales 1, rough black scales 1, blink,
cold resistance 1, deterioration 1, fire resistance 1, sense surroundings 1,
electricity resistance
a: Blink, Burn Spellbooks, Berserk, Trog's Hand, Brothers in Arms, Renounce
Religion


Innate Abilities, Weirdness & Mutations

You have a pair of small antennae on your head.
You are surrounded by a mild repulsion field (EV +2).
You are partially covered in molten scales (AC +1).
You are partially covered in rough black scales (AC +4, Dex -1).
You can translocate small distances at will.
Your flesh is cold resistant.
Your body sometimes deteriorates upon taking damage.
Your flesh is heat resistant.
You passively map a small area around you.
You are resistant to electric shocks.

Inventory:

Hand weapons
 a - a +2 battleaxe of freezing (weapon)
 b - a +0 hand axe of flaming
Armour
 l - the +4 chain mail of the Black Moon (worn) {MP+9 SInv}
   (You bought it in a shop on level 4 of the Orcish Mines)

   It affects your magic capacity (+9).
   It lets you see invisible.
 m - a +2 cloak (worn)
 y - a troll hide
 Q - a +2 pair of boots (worn)
 R - a +0 pair of gloves (worn)
Jewellery
 j - an amulet of regeneration (around neck)
 t - a +4 ring of evasion (left hand)
 J - the ring of Xorphirch (right hand) {rPois MP+9 Str+2 Dex-5 Stlth+}
   (You found it on level 3 of the Swamp)

   [ring of magical power]

   It affects your strength (+2).
   It affects your dexterity (-5).
   It protects you from poison.
   It affects your magic capacity (+9).
   It makes you more stealthy.
Magical devices
 o - a wand of disintegration (6)
 A - a wand of draining (4)
 D - a wand of paralysis (1)
 L - a wand of teleportation (1)
 O - a wand of draining (6)
 T - a wand of lightning (5)
Scrolls
 f - 2 scrolls of recharging
 g - 2 scrolls of teleportation
 i - 3 scrolls of enchant weapon
 q - 8 scrolls of remove curse
 r - 5 scrolls of enchant armour
 x - 2 scrolls of fog
 P - a scroll of magic mapping
Potions
 d - 2 potions of resistance
 k - a potion of magic
 n - 2 potions of brilliance
 p - a potion of invisibility
 s - a potion of might
 E - 3 potions of berserk rage
 H - a potion of agility {unknown}
 I - a potion of haste {unknown}
 M - a potion of lignification {unknown}
 X - a potion of poison {unknown}
 Y - 2 potions of cancellation {unknown}
Books
 B - a book of Unlife

   Spells                             Type                      Level
   a - Recall                         Summoning/Translocation      3
   b - Animate Dead                   Necromancy                   4
   c - Control Undead                 Necromancy                   4
   d - Cigotuvi's Embrace             Necromancy                   5
   e - Death Channel                  Necromancy                   6
   f - Simulacrum                     Ice/Necromancy               6
   Trog disapproves of the use of such an item.
 C - a book of Ice

   Spells                             Type                      Level
   a - Ice Form                       Ice/Transmutation            4
   b - Metabolic Englaciation         Hexes/Ice                    5
   c - Ozocubu's Refrigeration        Ice                          6
   d - Bolt of Cold                   Conjuration/Ice              6
   e - Freezing Cloud                 Conjuration/Ice/Air          6
   f - Simulacrum                     Ice/Necromancy               6
   Trog disapproves of the use of such an item.
 N - a book of Cantrips

   Spells                             Type                      Level
   a - Corona                         Hexes                        1
   b - Animate Skeleton               Necromancy                   1
   c - Summon Small Mammal            Summoning                    1
   d - Apportation                    Translocation                1
   Trog disapproves of the use of such an item.
Miscellaneous
 e - a plain deck of defence {drawn: 5}
 u - a plain deck of changes {drawn: 3}
 w - a lamp of fire
 G - an ornate deck of summoning {drawn: 4}
 W - an ornate deck of changes
Comestibles
 c - 6 bread rations
 v - 2 slices of pizza
 S - 9 meat rations
 Z - a beef jerky


   Skills:
 + Level 14.6 Fighting
 - Level 20.0 Axes
 + Level 13.2 Armour
 * Level 5.0 Dodging
 + Level 11.4 Evocations


You had 14 spell levels left.
You didn't know any spells.


You were on level 4 of the Swamp.
You worshipped Trog.
Trog was greatly pleased with you.
You were not hungry.

You visited 4 branches of the dungeon, and saw 27 of its levels.
You also visited: Volcano.

You collected 1973 gold pieces.
You spent 512 gold pieces at shops.

.♣♣.≈♣#* , ,, ,,
#♣...≈≈≈≈§.≈≈≈. ♣*♣♣.≈♣
{,, , *#♣≈≈.≈≈≈≈≈.♣≈.≈ *
♣♣.♣# ,,
,#*#≈≈♣.≈≈≈≈..... ♣♣..♣#
, ,.#♣♣≈♣♣♣≈≈≈≈.≈..*
♣♣.♣≈≈# ,.##≈≈≈♣
≈≈≈≈.≈.≈ ♣PP..§♣##.
k##♣≈≈♣♣ ,≈≈≈..≈≈
♣♣P.≈≈f≈##.##≈†††♣ ≈≈♣♣
, ♣♣..≈.♣.†.≈....≈♣♣ ,
.. ♣PP≈≈.f††♣≈♣≈.@..♣ ,
♣.P.♣.≈≈.♣♣..≈PPPP♣ ≈
♣♣P♣♣♣.♣♣.≈≈.♣fPPyP.♣≈,
≈ ♣♣*♣.≈≈?≈≈≈≈≈≈f.≈..♣♣*
♣♣♣≈.≈≈≈≈≈≈≈≈.♣≈y.♣ *
♣♣♣♣♣..kP≈≈≈≈≈≈≈≈≈..≈≈♣
≈≈≈.♣♣≈P.≈≈≈≈≈≈≈.....≈♣♣
≈≈....PPP.≈≈...♣......♣
≈≈.≈≈≈.....^..§§k≈≈≈≈§♣

Notes
Turn   | Place    | Note
--------------------------------------------------------------
     0 | D:1      | ololoev the Hill Orc Berserker began the quest for the Orb.
     0 | D:1      | Reached XP level 1. HP: 19/19 MP: 1/1
    58 | D:1      | Reached XP level 2. HP: 12/27 MP: 2/2
   120 | D:1      | HP: 2/40 [hobgoblin (1)]
   258 | D:2      | Noticed a scorpion
   258 | D:2      | a bat changed into a scorpion
   265 | D:2      | Killed a scorpion
   265 | D:2      | Reached skill level 5 in Axes
   265 | D:2      | Reached XP level 3. HP: 12/34 MP: 3/3
   265 | D:2      | Reached XP level 4. HP: 14/41 MP: 4/4
   546 | D:4      | Noticed Menkaure
   574 | D:4      | Killed Menkaure
   574 | D:4      | Reached skill level 5 in Fighting
   574 | D:4      | Reached skill level 6 in Axes
   574 | D:4      | Reached XP level 5. HP: 11/48 MP: 5/5
   620 | D:4      | Acquired Trog's second power
   636 | D:5      | Entered Level 5 of the Dungeon
   643 | D:5      | Reached XP level 6. HP: 47/56 MP: 6/6
   774 | D:5      | Reached skill level 7 in Axes
   858 | D:6      | Found an ancient bone altar of Kikubaaqudgha.
   870 | D:6      | Found a shattered altar of Ashenzari.
   874 | D:6      | Found a glowing silver altar of Zin.
   875 | D:6      | Found a white marble altar of Elyvilon.
   875 | D:6      | Found an opulent altar of Gozag.
   875 | D:6      | Found an iron altar of Okawaru.
   878 | D:6      | Found a sacrificial altar of Ru.
   879 | D:6      | Found a basalt altar of Yredelemnul.
   944 | D:6      | Reached XP level 7. HP: 62/62 MP: 7/7
  1006 | D:7      | Reached skill level 8 in Axes
  1043 | D:7      | Reached skill level 5 in Armour
  1176 | D:8      | Noticed ololoev's ghost (experienced HOBe)
  1190 | D:8      | Killed ololoev's ghost
  1190 | D:8      | Reached skill level 9 in Axes
  1190 | D:8      | Reached skill level 1 in Evocations
  1190 | D:8      | Reached XP level 8. HP: 71/71 MP: 7/9
  1318 | D:8      | HP: 3/73 [poisoned by a killer bee]
  1322 | D:8      | Reached skill level 10 in Axes
  1463 | D:9      | Noticed a two-headed ogre
  1474 | D:9      | Killed a two-headed ogre
  1474 | D:9      | Reached XP level 9. HP: 64/79 MP: 9/11
  1680 | D:9      | Reached skill level 11 in Axes
  1865 | D:9      | Noticed Psyche
  1877 | D:9      | Killed Psyche
  2102 | D:10     | Entered Level 10 of the Dungeon
  2102 | D:10     | Noticed Harold
  2120 | D:10     | Killed Harold
  2120 | D:10     | Reached skill level 12 in Axes
  2120 | D:10     | Reached XP level 10. HP: 90/90 MP: 13/13
  2151 | D:10     | Gained mutation: You passively map a small area around you. [mutagenic meat]
  2152 | D:10     | Gained mutation: You are partially covered in molten scales (AC +1). [mutagenic meat]
  2153 | D:10     | Gained mutation: Scrolls take you a little longer to read. [mutagenic meat]
  2154 | D:10     | Gained mutation: You can translocate small distances at will. [mutagenic meat]
  2155 | D:10     | Gained mutation: Your flesh is heat resistant. [mutagenic meat]
  2156 | D:10     | Gained mutation: You are surrounded by a mild repulsion field (EV +2). [mutagenic meat]
  2275 | D:10     | Reached skill level 5 in Evocations
  2435 | D:10     | Found Nistin's Jewellery Shoppe.
  2474 | D:10     | Acquired Trog's third power
  2611 | D:10     | Reached skill level 13 in Axes
  2822 | D:11     | Found Camoin's Book Boutique.
  2934 | D:11     | Noticed a cyclops
  2953 | D:11     | Killed a cyclops
  3092 | D:11     | Noticed Fannar
  3094 | D:11     | Noticed an orc knight
  3099 | D:11     | Reached XP level 11. HP: 92/99 MP: 15/15
  3103 | D:11     | Reached skill level 14 in Axes
  3167 | D:11     | Reached skill level 10 in Fighting
  3171 | D:11     | Gained mutation: You have a pair of small antennae on your head. [potion of mutation]
  3171 | D:11     | Gained mutation: You are partially covered in rough black scales (AC +4, Dex -1). [potion of mutation]
  3171 | D:11     | Gained mutation: Your body sometimes deteriorates upon taking damage. [potion of mutation]
  3197 | D:11     | Killed an orc knight
  3234 | D:11     | Killed Fannar
  3320 | D:11     | Reached skill level 15 in Axes
  3336 | D:11     | Noticed a hill giant
  3404 | D:11     | Killed a hill giant
  3417 | D:11     | Found a staircase to the Lair.
  3432 | D:11     | Killed an unseen horror
  3497 | D:11     | Killed an unseen horror
  3891 | D:12     | Reached XP level 12. HP: 85/108 MP: 17/17
  3925 | D:12     | Killed an unseen horror
  3988 | D:12     | Reached skill level 10 in Armour
  4157 | D:12     | Reached skill level 16 in Axes
  4159 | D:12     | Gained mutation: You are resistant to electric shocks. [mutagenic meat]
  4160 | D:12     | Gained mutation: Your flesh is cold resistant. [mutagenic meat]
  4162 | D:12     | Lost mutation: Scrolls take you a little longer to read. [mutagenic meat]
  4264 | D:12     | Found a staircase to the Orcish Mines.
  4284 | Orc:1    | Entered Level 1 of the Orcish Mines
  4371 | Orc:1    | Found a dark tunnel.
  4379 | Volcano  | Entered a volcano
  4751 | Orc:3    | Noticed Nergalle
  4757 | Orc:3    | Noticed an ettin
  4773 | Orc:3    | Killed an ettin
  4773 | Orc:3    | Received a gift from Trog
  4787 | Orc:2    | Killed Nergalle
  4935 | Orc:4    | Entered Level 4 of the Orcish Mines
  4948 | Orc:4    | Found Sunoviel's General Store.
  4962 | Orc:4    | Bought a scroll of identify for 24 gold pieces
  4962 | Orc:4    | Bought a potion of curing for 36 gold pieces
  4962 | Orc:4    | Bought a scroll of identify for 24 gold pieces
  4968 | Orc:4    | Noticed Rupert
  4987 | Orc:4    | Killed Rupert
  4987 | Orc:4    | Reached skill level 17 in Axes
  5015 | Orc:4    | Found a roughly hewn altar of Beogh.
  5063 | Orc:4    | Reached XP level 13. HP: 112/118 MP: 13/19
  5118 | Orc:4    | Found a staircase to the Elven Halls.
  5204 | Orc:4    | Noticed an orc high priest
  5205 | Orc:4    | Noticed an orc high priest
  5212 | Orc:4    | Killed an orc high priest
  5218 | Orc:4    | Killed an orc high priest
  5239 | Orc:4    | Found Gafyhoale's Antique Weapon Emporium.
  5239 | Orc:4    | Found Afor's Armour Shoppe.
  5242 | Orc:4    | Noticed an orc high priest
  5301 | Orc:4    | Killed an orc high priest
  5340 | Orc:4    | Found Mathysulu's Book Emporium.
  5340 | Orc:4    | Found Ucolakidd's Antique Armour Shoppe.
  5350 | Orc:4    | Bought the +4 chain mail of the Black Moon {MP+9 SInv} for 428 gold pieces
  5354 | Orc:4    | Noticed an orc high priest
  5366 | Orc:4    | Killed an orc high priest
  5645 | Lair:1   | Entered Level 1 of the Lair of Beasts
  5858 | Lair:2   | Received a gift from Trog
  5859 | Lair:2   | Found a labyrinth entrance.
  5978 | Lair:3   | Reached skill level 18 in Axes
  6079 | Lair:2   | Noticed Nico3ck's ghost (powerful MiWz)
  6095 | Lair:2   | Killed Nico3ck's ghost
  6156 | Lair:3   | Noticed Sonja
  6163 | Lair:3   | Killed Sonja
  6416 | Lair:4   | Found a hole to the Spider Nest.
  7051 | Lair:5   | Reached skill level 10 in Evocations
  7057 | Lair:5   | Reached XP level 14. HP: 129/129 MP: 21/21
  7163 | Lair:5   | Received a gift from Trog
  7318 | Lair:6   | Reached skill level 19 in Axes
  7468 | Lair:6   | Found a staircase to the Swamp.
  7671 | Lair:7   | Found a viscous altar of Jiyva.
  7679 | Lair:7   | Found a staircase to the Slime Pits.
  7893 | Swamp:1  | Entered Level 1 of the Swamp
  8055 | Swamp:1  | Noticed Aizul
  8080 | Swamp:1  | Killed Aizul
  8140 | Swamp:1  | Received a gift from Trog
  8286 | Swamp:3  | Reached skill level 20 in Axes
  8431 | Swamp:3  | Noticed Louise
  8450 | Swamp:3  | Killed Louise
  8514 | Swamp:3  | Reached XP level 15. HP: 75/138 MP: 23/23
  8525 | Swamp:3  | Got a faintly glowing lead ring
  8526 | Swamp:3  | Identified the ring of Xorphirch {rPois MP+9 Str+2 Dex-5 Stlth+} (You found it on level 3 of the Swamp)
  8607 | Swamp:4  | Entered Level 4 of the Swamp
  8740 | Swamp:4  | Noticed a thorn hunter
  8772 | Swamp:4  | HP: 3/139 [five-headed hydra (12)]
  8890 | Swamp:4  | Reached skill level 5 in Dodging
  8902 | Swamp:4  | Killed from afar by a thorn hunter

Dungeon Overview and Level Annotations

Branches:
Dungeon (12/15)              Lair (7/8) D:11          Swamp (4/4) Lair:6
 Spider (0/4) Lair:4        Slime (0/6) Lair:7          Orc (4/4) D:12
    Elf (0/3) Orc:4
 Temple: D:4-7

Altars:
Ashenzari
Elyvilon
Gozag
Kikubaaqudgha
Okawaru
Ru
Yredelemnul
Zin
Beogh
Jiyva

Shops:
D:10 =   D:11 :   Orc:4 [[:(*


Message History

The swamp drake breathes noxious fumes at you.
The noxious blast engulfs you!
The swamp drake bites you but does no damage.
All of the chunks of flesh in your inventory have rotted away.
Things that are here:
a swamp drake corpse x2
You slice the swamp drake!! You freeze the swamp drake!
You kill the swamp drake!
Trog accepts your kill.
Thorny briars emerge from the ground!
The shambling mangrove reaches out with a gnarled limb.
Grasping roots rise from the ground around the shambling mangrove!
The thorn hunter fires a volley of thorns at you.
The volley of thorns hits you!
Unknown command.
The thorn hunter fires a volley of thorns at you.
The volley of thorns hits you!
Your body deteriorates!
You feel clumsy.
Unknown command.
Read which item? (? for menu, Esc to quit)
As you read the scroll of teleportation, it crumbles to dust.
You feel strangely unstable.
Roots rise up to grasp you, but you nimbly evade.
The thorn hunter fires a volley of thorns at you.
The volley of thorns hits you!
Your body deteriorates!
You feel dopey.
Drink which item? (? for menu, Esc to quit)
You are confused.
You feel invigorated.
You feel the effects of Trog's Hand fading.
You float gracefully downwards.
Roots grasp at your feet, making movement difficult.
You hit the briar patch. You freeze the briar patch.
The briar patch is moderately damaged.
You hit the briar patch. You freeze the briar patch.
The briar patch is heavily damaged.
You hit the briar patch but do no damage.
The thorn hunter fires a volley of thorns at you.
The volley of thorns hits you!
You die...

You could see a thorn hunter, a shambling mangrove and 2 wasps.

Vanquished Creatures
  Rupert (Orc:4)
  Aizul (Swamp:1)
  An ettin (Orc:3)
  The ghost of Nico3ck the Basher, a powerful MiWz of Makhleb (Lair:2)
  Harold (D:10)
  14 hydras
  A ghost crab (Swamp:2)
  5 death yaks
  4 orc high priests (Orc:4)
  6 alligators
  A fire crab (Lair:7)
  3 unseen horrors
  A spriggan druid (Swamp:3)
  4 swamp dragons (Swamp:4)
  A hill giant (D:11)
  An orc knight (Orc:4)
  A sphinx skeleton (Volcano)
  A hornet (Swamp:3)
  An orc sorcerer (Orc:4)
  2 cyclopes
  2 black mambas
  The ghost of ololoev the Cleaver, an experienced HOBe of Trog (D:8)
  Psyche (D:9)
  16 spiny frogs
  4 komodo dragons
  A fire drake (Orc:1)
  A two-headed ogre (D:9)
  4 giant leeches
  A guardian mummy (Volcano)
  3 trolls
  4 slime creatures (Swamp:2)
  A polar bear (Lair:7)
  6 bog bodies
  A trapdoor spider zombie (D:9)
  A boulder beetle (Lair:7)
  5 blink frogs (Lair:7)
  A flying skull (Volcano)
  4 vampires
  A spriggan (Swamp:2)
  41 yaks
  17 vampire mosquitoes
  A shadow (Swamp:1)
  3 basilisks
  A hippogriff (Lair:6)
  Menkaure (D:4)
  2 hill giant skeletons (Volcano)
  3 hungry ghosts
  3 swamp worms
  2 wargs (Orc:3)
  7 water moccasins
  4 wolves (Lair:2)
  15 porcupines
  An ice beast (D:9)
  7 swamp drakes
  3 wasps
  2 black bears
  4 sky beasts
  2 centaurs
  An eye of draining (D:9)
  20 orc warriors
  A manticore skeleton (Volcano)
  5 ogres
  2 phantoms
  8 giant frogs
  11 crocodiles
  2 wyvern skeletons
  3 scorpions
  9 killer bees
  3 vampire bats (Orc:4)
  A troll skeleton (Volcano)
  3 wights (D:12)
  4 crimson imps
  7 hounds
  23 orc priests
  5 centaur skeletons
  3 jellies
  4 centaur zombies
  21 orc wizards
  6 worker ants
  A giant frog skeleton (D:6)
  5 sheep (Lair:6)
  6 iguanas
  A killer bee zombie (D:10)
  2 naga skeletons (Volcano)
  3 ogre skeletons (Volcano)
  2 mummies (Volcano)
  3 adders
  4 gnolls (Orc:4)
  41 river rats
  3 shadow imps
  An adder zombie (D:6)
  4 giant geckos
  133 orcs
  A ball python (D:8)
  7 bats
  3 goblins
  4 hobgoblins
  8 jackals
  2 giant newts
  2 kobolds (D:1)
  3 quokkas
  4 rats
  2 fungi (Lair:6)
  3 plants
618 creatures vanquished.

Vanquished Creatures (collateral kills)
  Louise (Swamp:3)
  Fannar (D:11)
  7 death yaks
  Sonja (Lair:3)
  Nergalle (Orc:2)
  A swamp dragon (Swamp:4)
  An orc knight (D:11)
  A komodo dragon (Lair:3)
  A troll (D:12)
  A two-headed ogre (Orc:4)
  A swamp worm (Swamp:3)
  A porcupine (D:11)
  2 orc warriors (Orc:4)
  6 killer bees (D:12)
  8 orc priests
  A jelly (D:12)
  4 orc wizards (Orc:4)
  2 orcs
41 creatures vanquished.

Vanquished Creatures (others)
  A briar patch (Swamp:4)
  4 fungi (D:11)
  17 plants (D:11)
22 creatures vanquished.

Grand Total: 681 creatures vanquished

Action                   |  1- 3 |  4- 6 |  7- 9 | 10-12 | 13-15 || total
-------------------------+-------+-------+-------+-------+-------++-------
Melee: Hand axe          |    44 |    94 |   290 |       |    89 ||   517
       Battleaxe         |       |       |       |   709 |   774 ||  1483
Invok: Berserk           |     3 |     3 |     7 |    11 |     5 ||    29
       Trog's Hand       |       |       |     2 |    11 |    16 ||    29
       Brothers in Arms  |       |       |       |     8 |     7 ||    15
 Abil: Blink             |       |       |       |     1 |       ||     1
Evoke: Wand              |     4 |       |     1 |     3 |     2 ||    10
       Deck              |       |       |       |     7 |     5 ||    12
       Lamp of fire      |       |       |       |       |     1 ||     1
  Use: Potion            |       |     2 |     1 |     2 |     8 ||    13
       Scroll            |       |       |       |    19 |    12 ||    31
 Stab: Paralysed         |       |       |       |     5 |       ||     5
       Distracted        |       |       |       |       |     1 ||     1
  Eat: Bread ration      |       |     2 |       |     1 |     1 ||     4
       Chunk             |       |       |     2 |    25 |    21 ||    48
       Pizza             |       |       |     1 |       |     1 ||     2
       Royal jelly       |       |       |     1 |       |       ||     1
       Meat ration       |       |       |     2 |     2 |       ||     4
       Fruit             |       |       |       |       |     3 ||     3

Vault maps used:
D:1:      minmay_arrival_loop, minmay_misc_feat_tower, minmay_bisected
D:2:      nicolae_overflow_hidden_temple, first_bread
D:3:      grunt_temple_overflow_lords_of_destruction, uniq_grinder,
          uniq_jessica, uniq_sigmund
D:4:      uniq_menkaure
D:5:      kennysheep_little_box, kennysheep_potato
D:6:      minitemple, overflow_temple_1_default, minmay_temple_entry_junction,
          serial_curves, eino_curves_04, eino_curves_04
D:7:      uniq_joseph, uniq_prince_ribbit1
D:8:      uniq_grum
D:9:      hangedman_fish_farm, kennysheep_generic_room_2, uniq_psyche
D:10:     serial_shops, nicolae_shop_trees, uniq_josephine, uniq_harold
D:11:     minmay_lair_entry_grove, serial_shops, shop, special_room,
          grunt_ministairs_8, uniq_fannar
D:12:     hiddenorc1_lemuel
Lair:1:   serial_bayou_shore_b, infiniplex_staircase_pool
Lair:2:   lab_entry_generic
Lair:3:   serial_bayou_pond_c, wad_woods_antlair, uniq_sonja
Lair:4:   dummy_spider_entry
Lair:5:   grunt_megastairs_1
Lair:6:   minmay_swamp_entry_swarm, minivault_25
Lair:7:   slime_altar_1
Swamp:1:  evilmike_swamp_ruin_house_2, swamp_pool1,
          cheibrodos_swamp_pet_leeches, uniq_aizul
Swamp:2:  evilmike_swamp_ruin_rubble_2, swamp_pool4
Swamp:3:  nicolae_swamp_triple_paths, swamp_pool1, uniq_louise
Swamp:4:  swamp
Orc:1:    enter_volcano_3
Orc:3:    nicolae_orc_pool_cavern, uniq_nergalle
Orc:4:    st_orc_mages, serial_shops, nicolae_shop_trees, basic_altar,
          roderic_batcave, uniq_rupert
Volcano:  volcano_tomb
